 Dungeon Crawl Stone Soup version 0.30-a0-219-gf2db51d15e (webtiles) character file.

Game seed: 4636982363393578009

135 scionoferis the Slasher (level 5, -2/38 HPs)
             Began as a Djinni Reaver on Oct 6, 2022.
             Slain by an orc priest
             ... wielding a +1 falchion of protection
              (6 damage)
             ... on level 3 of the Dungeon.
             The game lasted 00:05:32 (2090 turns).

scionoferis the Slasher (Djinni Reaver)             Turns: 2090, Time: 00:05:33

Health: -2/38      AC:  3    Str: 11    XL:     5   Next: 42%
Gold:   118        EV: 11    Int: 23    God:
                   SH:  0    Dex: 11

rFire   + + .      SeeInvis .    a - +2 dagger (flame)
rCold   x . .      Faith    .    (no shield)
rNeg    . . .      Spirit   .    b - +0 leather armour
rPois   ∞          Reflect  .    (no helmet)
rElec   .          Harm     .    (no cloak)
rCorr   .          Rampage  .    (no gloves)
Will    .....                    (boots unavailable)
Stlth   +.........               (no amulet)
HPRegen 0.26/turn                h - +6 ring of intelligence
MPRegen 0.00/turn                (no ring)

@: flying
A: sickness immunity, fire resistance 2, cold vulnerability 1, float, innate
caster, HP casting, extra vitality 1
a: no special abilities


You were on level 3 of the Dungeon.
You visited 1 branch of the dungeon, and saw 3 of its levels.

You collected 118 gold pieces.

Inventory:

Hand Weapons
 a - a +2 dagger of flaming (weapon)
 o - a +0 long sword
Armour
 b - a +0 leather armour (worn)
Jewellery
 h - a +6 ring of intelligence (left hand)
Scrolls
 c - 3 scrolls of identify {unknown}
 g - 2 scrolls of enchant weapon {unknown}
 i - a scroll of enchant armour {unknown}
 j - 4 scrolls of noise {unknown}
 l - 2 scrolls of teleportation {unknown}
 m - a scroll of fear {unknown}
Potions
 d - a potion of flight
 e - 2 potions of resistance {unknown}
 f - a potion of heal wounds {unknown}
 k - 3 potions of mutation {unknown}


   Skills:
 - Level 2.0 Fighting
 + Level 4.1 Long Blades
 - Level 2.1 Dodging
 + Level 3.5 Spellcasting


You had 2 spell levels left.
You knew the following spells:

 Your Spells              Type           Power      Damage    Failure   Level
a - Kiss of Death         Conj/Necr      80%        2d11      3%          1
b - Momentum Strike       Conj/Tloc      40%        3d9       4%          2
c - Hailstorm             Conj/Ice       20%        3d6       10%         3
d - Magic Dart            Conj           80%        1d7       3%          1
e - Scorch                Fire           40%        2d7       4%          2
Your spell library was empty.

Dungeon Overview and Level Annotations

Branches:
Dungeon (3/15)

Altars:

Shops:
D:1 =


Innate Abilities, Weirdness & Mutations

You are immune to sickness and miasma.
You are immune to poison.
Your flesh is very heat resistant. (rF++)
You are vulnerable to cold. (rC-)
You float through the air rather than walking.
You learn spells naturally, not from books.
Your magical power is your life essence.
You have superior vitality. (+4 MHP)


Message History

You kill the orc!
Casting: Hailstorm (dangerous; 10% risk of failure)
Confirm with . or Enter, or press ? or * to list all spells.
Casting: Hailstorm (dangerous; 10% risk of failure)
Press: ? - help, Dir - look around, f - activate A cannonade of hail descends around you!
The hail misses the orc priest.
The orc priest miscasts a cantrip.
Casting: Hailstorm (dangerous; 10% risk of failure)
Confirm with . or Enter, or press ? or * to list all spells.
Casting: Hailstorm (dangerous; 10% risk of failure)
Press: ? - help, Dir - look around, f - activate A cannonade of hail descends around you!
The hail pelts the orc priest.
The orc priest is moderately wounded.
Casting: Hailstorm (dangerous; 10% risk of failure)
Confirm with . or Enter, or press ? or * to list all spells.
Casting: Hailstorm (dangerous; 10% risk of failure)
Press: ? - help, Dir - look around, f - activate A cannonade of hail descends around you!
The hail pelts the orc priest.
The orc priest is heavily wounded.
You hit the orc priest but do no damage.
The orc priest is heavily wounded.
The orc priest hits you with a +1 falchion of protection.
You hit the orc priest but do no damage.
The orc priest is heavily wounded.
The orc priest barely misses you.
You hit the orc priest but do no damage.
The orc priest is heavily wounded.
The orc priest hits you with a +1 falchion of protection.
* * * LOW HITPOINT WARNING * * *
You barely miss the orc priest.
The orc priest is heavily wounded.
The orc priest hits you with a +1 falchion of protection.
* * * LOW HITPOINT WARNING * * *
It was a potion of flight.
You feel more buoyant.
The orc priest hits you with a +1 falchion of protection.
You die...

...# #..#
#..# #..#
#..#
######..#
......).#
#o# #@#
##.#######
##.........
##.....#####
#.......#
#.......#
#.......#
#).....##
#†#...##


You could see an orc priest.

Vanquished Creatures
  An orc wizard (D:3)
  4 adders (D:2)
  2 worms
  2 dart slugs
  3 orcs (D:3)
  4 bats
  5 endoplasms
  3 giant cockroaches
  6 goblins
  2 hobgoblins (D:1)
  4 jackals (D:1)
  11 kobolds
  A quokka (D:1)
  9 ball pythons
  3 frilled lizards (D:1)
  2 rats
62 creatures vanquished.

Notes
Turn   | Place    | Note
-------+----------+-------------------------------------------
     0 | D:1      | scionoferis the Djinni Reaver began the quest for the Orb.
     0 | D:1      | scionoferis set off with the following spells memorised:
                  | Kiss of Death, Momentum Strike, Hailstorm.
     0 | D:1      | Reached XP level 1. HP: 18/18 MP: 0/0
   177 | D:1      | Reached XP level 2. HP: 23/23 MP: 0/0
   178 | D:1      | Reached skill level 3 in Long Blades
   393 | D:1      | Reached XP level 3. HP: 25/28 MP: 0/0
   393 | D:1      | Learned a level 1 spell: Magic Dart
   463 | D:1      | Found a faded altar of an unknown god.
   545 | D:1      | Found Ewkoruk's Jewellery Shoppe.
  1084 | D:2      | Reached XP level 4. HP: 33/33 MP: 0/0
  1841 | D:2      | Reached XP level 5. HP: 30/38 MP: 0/0
  1841 | D:2      | Learned a level 2 spell: Scorch
  2079 | D:3      | Reached skill level 4 in Long Blades
  2090 | D:3      | Slain by an orc priest

Illustrated notes

Levels and vault maps discovered:
D:1:      wheals_arrival_shading, layout_basic, serial_shops, shop,
          ebering_ecumenical_altar_hall
D:2:      minmay_kobold_bridge, layout_loops_corners, corexii_leaking_fountain,
          minmay_bisected
D:3:      layout_loops_ring, lightli_temple_of_fire

Skill      XL: |  1  2  3  4  5 |
---------------+----------------+-----
Long Blades    | 3 4 |  4.1
Spellcasting   | 3 |  3.5
Fighting       | |  2.0
Dodging        | |  2.1

Action                   |  1- 3 |  4- 6 || total
-------------------------+-------+-------++-------
Melee: Falchion          |   140 |     4 ||   144
       Dagger            |       |    40 ||    40
 Cast: Magic Dart        |     6 |    29 ||    35
       Hailstorm         |       |     7 ||     7
  Use: Potion            |       |     1 ||     1
Armor: Leather armour    |    36 |    12 ||    48
Dodge: Dodged            |    81 |    19 ||   100

Table legend: (Time is in decaauts)
 A = Elapsed time spent in this place.
 B = Non-inter-level travel time spent in this place.
 C = Inter-level travel time spent in this place.
 D = Time resting spent in this place.
 E = Time spent auto-exploring this place.
 F = Levels seen in this place.
 G = Mean time per level.
                   A        B        C        D        E       F      G
               +--------+--------+--------+--------+--------+-----+--------+
         Total |   2102 |   2052 |     50 |    175 |   1454 |   3 |  700.7 |
       Dungeon |   2102 |   2052 |     50 |    175 |   1454 |   3 |  700.7 |
               +--------+--------+--------+--------+--------+-----+--------+

Top non-repeatable levels by time:
     D:2: 1167 daAuts
     D:1: 808 daAuts
     D:3: 126 daAuts
